Cogmind - Beta 16.1 @@@ ROGUE MODE // 2026.05.03 @ 19:58:38 Player: KURIIRI Result: Self-destructed Performance ------------- Evolutions (0) 0 Regions Visited (3) 600 Robots Destroyed (31) 155 Value Destroyed (699) 699 Prototype IDs (14) 280 Alien Tech Used (0) 0 Bonus (-155) -155 TOTAL SCORE: 1579 Bonus ------- Friendly Fire -155 Cogmind --------- Core Integrity 159/250 Matter 300/300 Energy 280/280 System Corruption 0% Temperature Cool (71) Movement Rolling (215) Ox9 Location -7/Recycling Parts ------- > --- POWER (1) -------- Cooled Ion Engine > --- PROPULSION (2) --- Light Treads Wheel > --- UTILITY (2) ------ Huge Storage Unit Light Armor Plating > --- WEAPON (2) ------- Subdweller Machine Gun Subdweller Machine Gun > --- INVENTORY (25) --- Cooled Ion Engine Cooled Ion Engine Light Treads Light Treads Wheel Light Armor Plating Particle Cannon Subdweller Beam Cannon Subdweller Beam Cannon Grenade Launcher SUBCON Basin (Full) Peak State ------------ > --- POWER ------------ Cooled Ion Engine > --- PROPULSION ------- Light Treads Wheel > --- UTILITY ---------- Huge Storage Unit Light Armor Plating > --- WEAPON ----------- Subdweller Beam Cannon Subdweller Machine Gun > --- INVENTORY -------- Cooled Ion Engine Cooled Ion Engine Light Treads Light Treads Wheel Light Armor Plating Subdweller Beam Cannon Subdweller Machine Gun Grenade Launcher SUBCON Basin [Rating: 30] Favorites ----------- Power Cooled Ion Engine Engine Cooled Ion Engine Propulsion Light Treads Treads Light Treads Leg Aluminum Leg Wheel Compact Wheel Utility Scrap Shield Device Seismic Detector Storage Huge Storage Unit Protection Scrap Shield Weapon Subdweller Beam Cannon Energy Gun EM Pulse Gun Energy Cannon Subdweller Beam Cannon Ballistic Gun Subdweller Machine Gun Build | -11 -10 -10 -7 ------- Run | Yrd Mat Sub Rec Slots Evolved . | . . . . Power . | . . . . Propulsion . | . . . . Utility . | . . . . Weapon . | . . . . Parts Attached 19 | 4 8 6 1 Power 1 | . 1 . . Engine 1 | . 1 . . Core . | . . . . Reactor . | . . . . Propulsion 4 | 2 1 1 . Treads 2 | 2 . . . Leg . | . . . . Wheel 2 | . 1 1 . Hover . | . . . . Flight . | . . . . Utility 7 | 2 2 3 . Device 2 | 2 . . . Storage 2 | . 2 . . Processor . | . . . . Hackware . | . . . . Protection 3 | . . 3 . Artifact . | . . . . Weapon 7 | . 4 2 1 Energy Gun 2 | . 2 . . Energy Cannon 3 | . 2 1 . Ballistic Gun 2 | . . 1 1 Ballistic Cannon . | . . . . Launcher . | . . . . Special Weapon . | . . . . Impact Weapon . | . . . . Slashing Weapon . | . . . . Piercing Weapon . | . . . . Special Melee Weapon . | . . . . Unidentified Prototypes 1 | . 1 . . Parts Lost . | . . . . Power . | . . . . Propulsion . | . . . . Utility . | . . . . Weapon . | . . . . Highest Loss Streak . | . . . . To Critical Strikes . | . . . . Average Backups 7 | 5 11 5 10 Power . | 1 1 . 2 Propulsion 1 | 3 2 1 3 Utility 2 | . 4 1 1 Weapon 2 | 1 2 2 4 Tool/Special . | . . . . Unused Backups 24 | . 6 11 7 Power 6 | . 2 2 2 Propulsion 2 | . . . 2 Utility 8 | . 1 6 1 Weapon 8 | . 3 3 2 Tool/Special . | . . . . Average Slot Usage (%) 90 | . 99 86 100 Engine 14 | . 14 14 14 Treads 23 | . 18 26 14 Wheel 4 | . 9 1 14 Device 4 | . 14 . . Storage 5 | . 14 2 14 Protection 9 | . . 12 14 Energy Gun 5 | . 19 . . Energy Cannon 11 | . 3 14 8 Ballistic Gun 11 | . 4 13 19 Peak Build Rating 30 | 7 15 30 30 Average Rating 12 | 6 8 14 30 On Entrance 14 | 6 7 15 30 Avg Prop Armor Cover (%) 11 | . 12 11 9 Naked Turns . | . . . . Heaviest Build 103 | 14 97 103 103 Greatest Support 40 | 40 40 40 10 Greatest Overweight (x) 10 | . 6 10 10 Average Overweight (x) 1 | . 3 1 9 Largest Inventory Capacity 25 | 8 25 25 25 Average Capacity 11 | 8 19 8 25 Most Carried 25 | 6 25 25 25 Average Carried 8 | 5 12 7 25 Final Capacity 25 | 8 25 25 25 Final Carried 25 | 5 25 25 25 Class Distribution -------------------- 58% | Subdweller-Mutant 41% | Mutant Dominant Class ---------------- Mutant | -10/Materials Subdweller-Mutant | -10/Subcaves Mutant | -7/Recycling Resources | -11 -10 -10 -7 ----------- Run | Yrd Mat Sub Rec Matter Collected 1046 | 256 560 176 54 Remotely 30 | 30 . . . Salvage Created 1329 | 116 781 374 58 Parts 74 | 6 37 27 4 Haulers Intercepted 1 | . 1 . . Recyclers Shooed 2 | . 2 . . Parts Field Recycled . | . . . . Retrieved Matter . | . . . . Parts Self-Destructed 14 | . . 14 . Prevented . | . . . . Parts Restored . | . . . . Kills | -11 -10 -10 -7 ------- Run | Yrd Mat Sub Rec Combat Hostiles Destroyed 23 | . 17 5 1 Guns 15 | . 13 1 1 Cannons 7 | . 3 4 . Classes Destroyed 10 | 2 5 2 1 Worker 1 | . 1 . . Tunneler 1 | 1 . . . Hauler 1 | . 1 . . Recycler 3 | 1 2 . . Watcher 2 | . 2 . . Swarmer 9 | . 9 . . Grunt 8 | . 8 . . Sentry 1 | . . . 1 Artisan 2 | . . 2 . Subdweller 5 | . . 5 . Best Kill Streak 3 | 2 3 2 1 Combat Bots Only 3 | . 3 2 1 Max Kills in Single Turn 2 | 1 2 1 1 Gunslinging . | . . . . Exploded . | . . . . Melee . | . . . . Uniques/NPCs Destroyed . | . . . . Combat | -11 -10 -10 -7 -------- Run | Yrd Mat Sub Rec Hostile Shots Fired 105 | . 49 11 45 Missed 33 | . 10 5 18 Hits 72 | . 39 6 27 Projectile 72 | . 39 6 27 Critical Strikes 1 | . 1 . . Damage Taken 670 | . 351 115 204 Core 91 | . 64 10 17 Absorbed by Shields . | . . . . Regen/Repaired (Parts) 78 | . 78 . . Core Remaining (%) 100 | 100 . . . Volleys Fired 163 | 4 45 108 6 Largest 2 | 2 2 2 2 Hottest 136 | 40 136 110 110 Shots Fired 216 | 8 88 109 11 Gun 158 | 8 80 63 7 Cannon 58 | . 8 46 4 Launcher . | . . . . Special . | . . . . Kinetic 105 | 8 27 63 7 Thermal 58 | . 8 46 4 Explosive . | . . . . Electromagnetic 53 | . 53 . . Robot Hit Streak 23 | 4 9 23 6 Robot Miss Streak 6 | 1 6 1 1 Penetration Max . | . . . . Secondary Targets 2 | . 2 . . Max Gunslinging Chain 1 | . 1 . . Shots Hit Robots 82 | 5 43 26 8 Core Hits 39 | 3 25 8 3 Critical Kills 1 | . . 1 . Critical Parts Destroyed . | . . . . Critical Strikes 2 | . 1 1 . Destroy 1 | . . 1 . Corrupt 1 | . 1 . . Melee Attacks . | . . . . Impact . | . . . . Slashing . | . . . . Piercing . | . . . . Sneak Attacks . | . . . . Combat Hostiles . | . . . . Follow-up Attacks . | . . . . Damage Inflicted 1667 | 57 736 692 182 Guns 807 | 57 635 18 97 Cannons 846 | . 87 674 85 Explosions . | . . . . Melee . | . . . . Ramming 14 | . 14 . . Kinetic 307 | 57 135 18 97 Thermal 846 | . 87 674 85 Explosive . | . . . . Electromagnetic 500 | . 500 . . Impact . | . . . . Slashing . | . . . . Piercing . | . . . . Highest Corruption . | . . . . Average Corruption . | . . . . Corruption Purged . | . . . . Corruption Blocked . | . . . . Overload Shots . | . . . . Overflow Damage 52 | . . 46 6 Projectiles 52 | . . 46 6 Explosions . | . . . . Melee . | . . . . Knockbacks . | . . . . Impact . | . . . . Kinetic . | . . . . Secondary . | . . . . Self-Inflicted Damage . | . . . . Shots . | . . . . Rammed 2 | . 2 . . Targets Rammed 2 | . 2 . . Kicked . | . . . . Crushed . | . . . . Highest Temperature 309 | . 219 10 309 Average Temperature 72 | . 48 6 183 Received Heat Transfer 156 | . 66 30 60 Effects 1 | . 1 . . Energy Bleed 1 | . 1 . . Siege Activations . | . . . . Martial Activations . | . . . . Shielding Activations . | . . . . Robots Disrupted . | . . . . Combat Hostiles . | . . . . Robots Corrupted 1 | . 1 . . Combat Hostiles 1 | . 1 . . Parts Fried 4 | . 4 . . Impact Corruptions . | . . . . Robots Melted . | . . . . Combat Hostiles . | . . . . Parts Melted 1 | . . 1 . Heat Transferred 1184 | . 148 925 111 Parts Sabotaged . | . . . . Parts Stolen . | . . . . Parts Stripped . | . . . . Power Chain Reactions . | . . . . Alert | -11 -10 -10 -7 ------- Run | Yrd Mat Sub Rec Maximum Alert Level . | . . . . Low Security (%) 100 | 100 100 . 100 Level 1 . | . . . . Level 2 . | . . . . Level 3 . | . . . . Level 4 . | . . . . Level 5 . | . . . . High Security . | . . . . Max Security . | . . . . Peak Influence 100 | 10 100 . 39 Initial 28 | . . . 28 Average 33 | 1 35 . 30 Influence Increases 765 | 10 584 150 21 Destroy 0b10 Robot/C 360 | . 340 . 20 Destroy 0b10 Robot/NC 40 | 10 30 . . Destroy Leader 76 | . 76 . . Successful Hack 18 | . 18 . . Select Force Hacks 60 | . 60 . . Disable Machine 15 | . 15 . . Destroy Structure 1 | . . . 1 Lose Combat Pursuer 195 | . 45 150 . Influence Decreases 736 | 10 498 176 52 Entered New Map 74 | . . 42 32 Time Decay 662 | 10 498 134 20 Squads Dispatched 3 | . 3 . . Investigation 3 | . 3 . . Extermination . | . . . . Reinforcement . | . . . . Assault . | . . . . Garrison . | . . . . Intercept . | . . . . Searches Triggered . | . . . . Construction Impeded . | . . . . Haulers Reinforced . | . . . . Active Scanning Responses . | . . . . Cargo Convoy Interrupts . | . . . . Stealth | -11 -10 -10 -7 --------- Run | Yrd Mat Sub Rec Distress Signals 1 | . 1 . . Communications Jammed . | . . . . Distress Signals . | . . . . Times Spotted 33 | . 22 10 1 Peak Tracking Total 5 | . 5 2 1 Tactical Retreats 5 | . 2 3 . Traps | -11 -10 -10 -7 ------- Run | Yrd Mat Sub Rec Traps Triggered 2 | . 1 1 . Indirectly . | . . . . Trap Hack Attempts . | . . . . Triggered . | . . . . Disarmed 6 | . 6 . . Reprogrammed . | . . . . Reused . | . . . . Traps Extracted . | . . . . Installed . | . . . . Triggered . | . . . . Machines | -11 -10 -10 -7 ---------- Run | Yrd Mat Sub Rec Machines Disabled 2 | . 1 1 . Max in Single Turn 1 | . 1 1 . Machines Repaired . | . . . . Machines Dismantled . | . . . . Machines Sabotaged . | . . . . Overloaded Fab Kills . | . . . . Hacking | -11 -10 -10 -7 --------- Run | Yrd Mat Sub Rec Machines Accessed 12 | . 8 4 . Terminals 5 | . 5 . . Fabricators . | . . . . Repair Stations 1 | . 1 . . Recycling Units 2 | . 2 . . Scanalyzers . | . . . . Garrison Access . | . . . . Total Hacks 35 | . 26 9 . Successful 23 | . 14 9 . Failed 11 | . 11 . . Catastrophic 1 | . 1 . . Database Lockouts 1 | . 1 . . Manual 18 | . 18 . . Terminals 17 | . 17 . . Fabricators . | . . . . Repair Stations 7 | . 7 . . Recycling Units 2 | . 2 . . Scanalyzers . | . . . . Garrison Access . | . . . . Terminal Hacks 14 | . 5 9 . Record 6 | . . 6 . Robot Analysis 3 | . 3 . . Open Door 1 | . . 1 . Disarm Traps 1 | . 1 . . Hauler Manifests 1 | . 1 . . Proto ID Catalog 1 | . . 1 . Release Object 1 | . . 1 . Fabricator Hacks . | . . . . Repair Station Hacks 6 | . 6 . . Scan Component 3 | . 3 . . Repair 3 | . 3 . . Recycling Unit Hacks . | . . . . Scanalyzer . | . . . . Garrison Access Hacks . | . . . . Unauthorized Hacks 3 | . 3 . . Terminals 1 | . 1 . . Botnet 1 | . 1 . . Fabricators . | . . . . Repair Stations . | . . . . Recycling Units 2 | . 2 . . Tunnel 2 | . 2 . . Scanalyzers . | . . . . Garrison Access . | . . . . Data Cores Recovered . | . . . . Used . | . . . . Hacking Detections 6 | . 6 . . Full Trace Events . | . . . . Feedback Events . | . . . . Feedback Blocked . | . . . . Robot Schematics Acquired . | . . . . Robots Built . | . . . . Authchips . | . . . . Time . | . . . . Total Robot Build Rating . | . . . . Part Schematics Acquired . | . . . . Parts Built . | . . . . Authchips . | . . . . Time . | . . . . Total Part Build Rating . | . . . . Part Studies Acquired . | . . . . Parts Repaired 3 | . 3 . . Time 78 | . 78 . . Parts Recycled . | . . . . Recycled Matter . | . . . . Retrieved Matter . | . . . . Retrieved Components . | . . . . Parts Scanalyzed . | . . . . Part Schematics Acquired . | . . . . Parts Damaged . | . . . . Bothacking | -11 -10 -10 -7 ------------ Run | Yrd Mat Sub Rec Used RIF Installer . | . . . . Robots Hacked . | . . . . Non-combat . | . . . . Combat . | . . . . Robot Hacks Applied . | . . . . Relay Couplers Released . | . . . . Fabnet Peak Effective % . | . . . . Robots Rewired . | . . . . Allies Hacked . | . . . . Hacks Repelled . | . . . . Allies | -11 -10 -10 -7 -------- Run | Yrd Mat Sub Rec Total Allies . | . . . . Largest Group . | . . . . Highest-Rated Group . | . . . . Highest-Rated Ally . | . . . . Total Orders . | . . . . Ally Attacks . | . . . . Total Damage . | . . . . Kills . | . . . . Allies Corrupted . | . . . . Allies Melted . | . . . . Intel | -11 -10 -10 -7 ------- Run | Yrd Mat Sub Rec Active Infowar (turns) 1898 | 19 1810 69 . Seismic 1898 | 19 1810 69 . Robot Analysis Total 2 | . 2 . . Derelict Logs Recovered 3 | . . 3 . Drone Launches . | . . . . Drone Recoveries . | . . . . Exploration | -11 -10 -10 -7 ------------- Run | Yrd Mat Sub Rec Turns Passed 6514 | 73 1810 4591 40 Spaces Moved 3084 | 39 863 2174 8 Core . | . . . . Treads 2219 | 22 301 1896 . Legs 17 | 17 . . . Wheels 848 | . 562 278 8 Hover . | . . . . Flight . | . . . . Fastest Speed 120 | 120 160 130 215 Average Speed 170 | 142 172 169 220 Slowest Speed 320 | 160 320 320 230 Overloaded Moves . | . . . . Propulsion Burnouts . | . . . . Robots Hopped . | . . . . Potential Cave-ins . | . . . . Cave-ins Triggered . | . . . . Exploration Rate (%) 44 | 3 83 89 2 Regions Visited 3 Branch Regions 2 Pre-discovered Areas 4 | . 2 2 . Known Exits Taken . | . . . . Unknown Exits Taken 3 | 1 1 1 . Scrap Searched 13 | . . 13 . Spaces Dug 11 | . . 11 . Terrain Destroyed 25 | . . 24 1 Melee . | . . . . Projectile 25 | . . 24 1 AOE . | . . . . Terrain Rammed . | . . . . Walls Destroyed . | . . . . Machines Disabled . | . . . . Actions | -11 -10 -10 -7 --------- Run | Yrd Mat Sub Rec Total 4136 | 49 1098 2972 17 Wait 793 | . 153 638 2 Move 3081 | 38 862 2173 8 Hop . | . . . . Pick Up 44 | 1 21 22 . Fast Attach 7 | 1 3 3 . Attach 5 | 2 . 3 . Detach . | . . . . Swap 12 | 1 8 2 1 Drop 24 | 2 4 18 . Fire 163 | 4 45 108 6 Melee . | . . . . Ram . | . . . . Kick . | . . . . Crush 2 | . 2 . . Escape Stasis . | . . . . Rewire . | . . . . Trap . | . . . . Miscellaneous 5 | . . 5 . Route ------- -11/Scrapyard -10/Materials (discovered 4 exits: [*Mat x3] / *Sub) -10/Subcaves (discovered 3 exits: [*Mat x2] / [*Rec]) -7/Recycling History --------- Turn | Location | Event 13 | -11/Scrapyard | Discovered new exit (range 3) 74 | -11/Scrapyard | Entered Materials 264 | -10/Materials | Discovered new exit (range 7) 304 | -10/Materials | Build established: Mutant 574 | -10/Materials | Derelicts attacked the area 600 | -10/Materials | Central database locked down 656 | -10/Materials | Discovered new exit (range 4) 1202 | -10/Materials | Repaired EM Pulse Gun 1230 | -10/Materials | Repaired EM Pulse Gun 1257 | -10/Materials | Repaired Com. Wheel 1453 | -10/Materials | Discovered new exit (range 6) 1565 | -10/Materials | Discovered new exit (range 16) 1884 | -10/Materials | Entered Subcaves 2213 | -10/Subcaves | Disturbed a concealed Subdweller 2358 | -10/Subcaves | Build established: Subdweller-Mutant 2475 | -10/Subcaves | Discovered new exit (range 9) 2930 | -10/Subcaves | Learned Materials stockpile data 3014 | -10/Subcaves | Learned Materials stockpile data 3228 | -10/Subcaves | Visited 4L-MR0's lab 3328 | -10/Subcaves | Discovered new exit (range 16) 3347 | -10/Subcaves | Visited Clippyterm 3352 | -10/Subcaves | Learned location of Extension (-4) 3352 | -10/Subcaves | Learned location of Section 7 (-2) 3379 | -10/Subcaves | Learned Materials stockpile data 4079 | -10/Subcaves | Discovered new exit (range 3) 5561 | -10/Subcaves | Found Power Bank 6111 | -10/Subcaves | Build established: Mutant 6179 | -10/Subcaves | Found SUBCON Basin 6475 | -10/Subcaves | Entered Recycling 6515 | -7/Recycling | Self-destructed Last Messages --------------- happening. 06175_ Connecting with SUBCON Basin Controls... >>Release Inventory Accessing inventory controls... Collection purity confirmed 100%... Ejecting SUBCON Basin... Delivery behind schedule, handle with care! 06177_ Dropped Power Bank. 06178_ Dropped Scrap Shield. 06178_ Dropped Particle Cannon. 06179_ Acquired SUBCON Basin. 06182_ Acquired Particle Cannon. LOCATION=UNKNOWN GOAL=ESCAPE 06484_ Y-54 Guardian springs to life. 06493_ Destroyed Imp. Heat Sink. 06496_ Sub. Beam Cannon shoots sparks and powers down. 06501_ Y-54 Guardian destroyed. 06512_ Acquired 54 matter. Map ----- +----------------------------------------------------+ | ??????????????????????????????????????????? | | ??????????????????????????????????????????? | | ??????????????????????????????????????????? | | ??????????????????????????????????????????? | | ??????????????????????????????????????????? | | ??????????????????????????????????????????? | | ??????????????????????????????????????????? | | ??????????????????????????????????????????? | | ??????????????????????????????????????????? | | ??????????????????????????????????????????? | | ??????????????????????????????????????????? | | ??????????????????????????????????????????? | | ??????????????????????????????????????????? | | ??????????????????????????????????????????? | | ?????????????????????#####????????????????? | | ?????????????????????? #???????????????? | | ?????????????????????? #???????????????? | | ??????????????????????r #???????????????? | | ??????????????????????#r #???????????????? | | ??????????????????????# #???????????????? | | ??????????????????????# #???????????????? | | ??????????????????????# ;???????????????? | | ??????????????????????# #???????????????? | | ??????????????????????# ???????????????? | | ??????????????????????# !*#???????????????? | | ??????????????????????# [@#???????????????? | | ??????????????????????# !#???????????????? | | ??????????????????????# #???????????????? | | ??????????????????????# #???????????????? | | ??????????????????????# #???????????????? | | ??????????????????????# #???????????????? | | ??????????????????????# #???????????????? | | ??????????????????????# #???????????????? | | ??????????????????????# #???????????????? | | ??????????????????????# #???????????????? | | ??????????????????????#####???????????????? | | ??????????????????????????????????????????? | | ??????????????????????????????????????????? | | ??????????????????????????????????????????? | | ??????????????????????????????????????????? | | ??????????????????????????????????????????? | | ??????????????????????????????????????????? | | | | | | | | | | | | | | | | | +----------------------------------------------------+ Best States ------------- Heat Dissipation 25 Energy Generation 14 Energy Capacity 280 Matter Stores 300 Matter Capacity 300 Sight Range 16 Terrain Scan Density 10 Armor Coverage 800 Evasion (%) 55 Recoil Reduction 2 Item Schematics ----------------- None Robot Schematics ------------------ None Fabricated ------------ Nothing Repaired ---------- EM Pulse Gun | 13% | -10/Materials EM Pulse Gun | 66% | -10/Materials Com. Wheel | 20% | -10/Materials Studied --------- None Alien Tech Used ----------------- None Achievements -------------- None Challenges ------------ None Game ------ Seed QuantumHelicalExtractor Manual? 0 Play Time 00:20:13 Cumulative 442.0 hours Start 2026.05.03 @ 19:38:35 End 2026.05.03 @ 19:58:38 Sessions 1 Manual Loads 0 Difficulty Rogue Special Mode None Game No. 380 Rogue 344 Adventurer 36 Explorer 0 Win Type - Total 5 Types 2/0/0/1/0/0/0/2/0/0 Lore% 81 Gallery% 69 Achievement% 60 Wizard Run 0 Options --------- Layout 1 ASCII 0 Keyboard 0 Movement Numpad Keybinds 0 Fullscreen 1 Font 48/Smallcaps Map View 50x35 Zoom Use 0% Tactical HUD 1 Map Filters NONE Filters NONE Steam 1 RUN: e243a962-7987-4612-9a76-8f2b737d3ed0